 Dungeon Crawl Stone Soup version 0.30-a0-1160-g6e42c06551 (webtiles) character file.

Game seed: 14420954699898376683

4 Sargeras the Magician (level 1, 0/10 HPs)
             Began as a Deep Elf Hedge Wizard on Apr 26, 2023.
             Slain by a goblin
             ... wielding a +0 dagger
              (2 damage)
             ... on level 1 of the Dungeon.
             The game lasted 00:00:44 (106 turns).

Sargeras the Magician (Deep Elf Hedge Wizard)        Turns: 106, Time: 00:00:45

Health: 0/10       AC:  2    Str:  7    XL:     1   Next: 58%
Magic:  8/8        EV: 12    Int: 18    God:
Gold:   6          SH:  0    Dex: 14    Spells: 8/9 levels left

rFire   . . .        a - +0 dagger
rCold   . . .        (no shield)
rNeg    . . .        b - +0 robe
rPois   .            c - +0 hat
rElec   .            (no cloak)
rCorr   .            (no gloves)
SInv    .            (no boots)
Will    .....        (no amulet)
Stlth   ++           (no ring)
HPRegen 0.21/turn    (no ring)
MPRegen 0.11/turn

%: no passive effects
@: no status effects
A: no striking features
a: no special abilities


You were on level 1 of the Dungeon.
You visited 1 branch of the dungeon, and saw 1 of its levels.

You collected 6 gold pieces.

Inventory:

Hand Weapons
 a - a +0 dagger (weapon)
Armour
 b - a +0 robe (worn)
 c - a +0 hat (worn)
Scrolls
 e - a scroll of silence {unknown}
Potions
 d - a potion of magic


   Skills:
 + Level 2.5 Dodging
 + Level 2.4 Stealth
 + Level 4.8 Spellcasting
 + Level 1.1 Conjurations
 + Level 1.1 Summonings
 + Level 1.1 Translocations


You had 8 spell levels left.
You knew the following spells:

 Your Spells              Type           Power      Damage    Failure   Level
a - Magic Dart            Conj           32%        1d4       9%          1

Your spell library contained the following spells:

 Spells                   Type           Power      Damage    Failure   Level
 Blink                    Tloc           16%        N/A       13%         2
 Call Imp                 Summ           16%        N/A       13%         2
 Slow                     Hex            16%        N/A       14%         1
 Cigotuvi's Dreadful Rot  Necr/Pois/Air  8%         N/A       21%         2
 Mephitic Cloud           Conj/Pois/Air  5%         N/A       34%         3


Dungeon Overview and Level Annotations

Branches:
Dungeon (1/15)

Altars:

Shops:
D:1 *


Message History

a +0 club; a +0 short sword; a kobold corpse The rat bites you.
The rat bites you.
You hit the rat.
You kill the rat!
You see here a rat corpse.
Things that are here:
a +0 club; a +0 short sword; a kobold corpse
Things that are here:
a +0 club; a +0 short sword; a kobold corpse Unknown command.
Sorry, you're not good enough to have a special ability.
A goblin and a bat come into view.
Found 11 gold pieces and a scroll labelled XYATICZISA.
The goblin shouts!
The bat closely misses you. The bat hits you but does no damage.
The bat misses you. The goblin closely misses you.
The bat hits you but does no damage. The goblin closely misses you.
You miss the bat. The bat barely misses you.
The goblin hits you but does no damage. The bat hits you.
The goblin hits you but does no damage. The bat hits you but does no damage.
You closely miss the goblin. The bat hits you but does no damage. x2
The bat barely misses you. The goblin barely misses you.
You miss the goblin. The goblin hits you but does no damage.
You miss the goblin. The bat closely misses you.
The goblin hits you with a +0 dagger.
You hit the goblin but do no damage. The bat barely misses you.
The goblin barely misses you.
You hit the goblin.
The goblin is moderately wounded.
The goblin hits you with a +0 dagger. The bat hits you but does no damage.
You closely miss the goblin.
The goblin is moderately wounded.
The bat barely misses you. x2; The goblin hits you with a +0 dagger.
* * * LOW HITPOINT WARNING * * *
You closely miss the goblin.
The goblin is moderately wounded.
The bat barely misses you. The goblin hits you with a +0 dagger.
You die...

.# #.. .# #.#
#.### #.# #....
#.# #.... #?# #.
#.# ##########.
#g######..........
#@b.....)†........
#(######.########.
#.# #.# #. #$# #.#
#. #.# #.# .. #.#
#.# ## #.. #.# ...
..# #.#


You could see a goblin and a bat.

Vanquished Creatures
  A goblin (D:1)
  A kobold (D:1)
  A frilled lizard (D:1)
  2 rats (D:1)
5 creatures vanquished.

Notes
Turn   | Place    | Note
-------+----------+-------------------------------------------
     0 | D:1      | Sargeras the Deep Elf Hedge Wizard began the quest for the
                  | Orb.
     0 | D:1      | Reached XP level 1. HP: 10/10 MP: 7/7
    15 | D:1      | Found Wuareump's Assorted Antiques.
   106 | D:1      | Slain by a goblin

Illustrated notes

Levels and vault maps discovered:
D:1:      minmay_arrival_five_plusses, layout_loops_ring, serial_shops, shop,
          basic_ecumenical_altar

Action                     || total
---------------------------++-------
  Melee: Dagger            ||    15
   Stab: Sleeping          ||     2
 Armour: Robe              ||    13
  Dodge: Dodged            ||    18

Table legend: (Time is in decaauts)
 A = Elapsed time spent in this place.
 B = Non-inter-level travel time spent in this place.
 C = Inter-level travel time spent in this place.
 D = Time resting spent in this place.
 E = Time spent auto-exploring this place.
 F = Levels seen in this place.
 G = Mean time per level.
                   A        B        C        D        E       F      G
               +--------+--------+--------+--------+--------+-----+--------+
         Total |    106 |     71 |     35 |      0 |      0 |   1 |  106.0 |
       Dungeon |    106 |     71 |     35 |      0 |      0 |   1 |  106.0 |
               +--------+--------+--------+--------+--------+-----+--------+

Top non-repeatable levels by time:
     D:1: 106 daAuts
